 Dungeon Crawl Stone Soup version 0.30.0-20-g3615ddf2f0 (webtiles) character file.

Game seed: 4718574912865323733

26955 qw the Cleaver (level 13, -4/82 HPs)
             Began as a Gargoyle Fighter on June 1, 2023.
             Was an Elder of Okawaru.
             Slain by a death yak (18 damage)
             ... on level 4 of the Lair of Beasts.
             The game lasted 00:08:03 (13181 turns).

qw the Cleaver (Gargoyle Fighter)                  Turns: 13181, Time: 00:08:03

Health: -4/82      AC: 31    Str: 26    XL:     13   Next: 29%
Magic:  18/19      EV: 16    Int:  6    God:    Okawaru [****..]
Gold:   356        SH: 12    Dex: 15    Spells: 12/12 levels left

rFire   + . .        u - +3 war axe
rCold   . . .        c - +0 buckler
rNeg    + . .        r - +0 plate armour
rPois   inf          (no helmet)
rElec   +            x - scarf {rC+ rF+}
rCorr   .            m - +2 pair of gloves
SInv    .            j - +0 pair of boots
Will    .....        p - amulet of reflection Stlth
                     k - +5 ring of evasion
HPRegen 0.33/turn    v - +6 ring of dexterity
MPRegen 0.16/turn

%: reflection
@: about to teleport, heroic
A: sickness immunity, AC +9, negative energy resistance 1, electricity
resistance, torment resistance 1, petrification resistance, hooves 1, dopey 1,
cold vulnerability 1
a: Renounce Religion, Heroism, Finesse


You were on level 4 of the Lair of Beasts.
You worshipped Okawaru.
Okawaru was greatly pleased with you.
You visited 3 branches of the dungeon, and saw 17 of its levels.

You collected 925 gold pieces.
You spent 569 gold pieces at shops.


Innate Abilities, Weirdness & Mutations

You are immune to sickness and miasma.
Your stone body is resilient. (AC +9)
You are immune to poison.
You resist negative energy. (rN+)
You are resistant to electric shocks. (rElec)
You are resistant to unholy torment.
You are immune to petrification.
You have large cloven feet.
You are dopey. (Int -2)
You are vulnerable to cold. (rC-)


   Skills:
 - Level 10.1(15.1) Fighting
 - Level 14.0(19.0) Axes
 - Level 4.0(9.0) Throwing
 - Level 10.0(15.0) Armour
 - Level 3.0(8.0) Dodging
 + Level 6.5(11.5) Shields
 + Level 8.3 Invocations


You had 12 spell levels left.
You didn't know any spells.
Your spell library was empty.

Inventory:

Hand Weapons
 s - a +2 hand axe of flaming
 u - a +3 war axe (weapon)
Missiles
 i - 8 boomerangs (quivered)
Armour
 c - a +0 buckler (worn)
 j - a +0 pair of boots (worn)
 m - a +2 pair of gloves (worn)
 r - a +0 plate armour (worn)
 w - the +1 cloak "Woff" {+Inv rElec rCorr Int-5}
   (You found it on level 9 of the Dungeon)

   Int:       It affects your intelligence (-5).
   rElec:     It insulates you from electricity.
   +Inv:      It lets you turn invisible.
   rCorr:     It protects you from acid and corrosion.
 x - a scarf of resistance (worn)
Jewellery
 k - a +5 ring of evasion (left hand)
 p - an amulet of reflection (around neck)
 v - a +6 ring of dexterity (right hand)
 Y - a ring of protection from cold
Wands
 t - a wand of digging (5)
Scrolls
 a - 6 scrolls of identify
 g - 4 scrolls of teleportation
Potions
 d - 7 potions of might
 e - 3 potions of cancellation
 f - 3 potions of lignification
 l - 2 potions of haste
 n - a potion of resistance
 o - 3 potions of attraction
 q - 9 potions of curing

Dungeon Overview and Level Annotations

Branches:
Dungeon (12/15)            Temple (1/1) D:7            Lair (4/5) D:10
  Swamp (0/4) Lair:2       Spider (0/4) Lair:3          Orc (0/2) D:10
  Slime: Lair:4-5

Altars:
Ashenzari
Cheibriados
Dithmenos
Elyvilon
Fedhas
Gozag
Hepliaklqana
Kikubaaqudgha
Makhleb
Nemelex Xobeh
Okawaru
Qazlal
Ru
Sif Muna
Trog
Uskayaw
Vehumet
Wu Jian
Xom
Yredelemnul
Zin
The Shining One

Shops:
D:7 *?:?!(   D:9 *   D:10 !

Annotations:
D:10 3 runed translucent doors, qw's ghost, journeyman GrFi
Lair:1 2 transporters
Lair:3 1 runed translucent door, qw's ghost, journeyman GrFi


Message History

You are too injured to fight recklessly!
13172 ||| READING 6 scrolls of teleportation.
As you read the scroll of teleportation, it crumbles to dust.
You feel strangely unstable.
You hit the death yak.
The death yak is lightly wounded.
The death yak gores something!!
The death yak misses you.
You hit the death yak but do no damage.
The death yak is lightly wounded.
You slash the death yak!
The death yak gores the plant!
The plant begins to die.
The death yak gores you!
The death yak gores the plant!
The death yak completely misses you.
You slash the death yak!
The death yak is moderately wounded.
You hit the death yak but do no damage.
Your surroundings seem slightly different.
Found a potion of mutation.
A komodo dragon comes into view.
You are too injured to fight recklessly!
The komodo dragon hisses angrily.
The death yak gores the plant!
A death yak comes into view.
You are too injured to fight recklessly!
You are too injured to fight recklessly!
13179 ||| READING 5 scrolls of teleportation.
As you read the scroll of teleportation, it crumbles to dust.
You feel strangely unstable.
A nearby plant withers and dies.
A death yak comes into view.
The death yak bellows!
You hit the death yak but do no damage.
The death yak is lightly wounded.
You block the death yak's attack.
You hit the death yak.
The death yak is moderately wounded.
You hit the death yak but do no damage.
A skyshark comes into view.
The death yak gores you but does no damage.
The death yak gores you!!
You die...

### #.##
#####..........
#..YYY....P..#.
#.@YY...Y...P.#
#.....##....P...
#..l..##./......
.......Y.......##
........##....###
#.....#..# ..
###..! ... . #...
.l#.


You could see 7 death yaks, a skyshark (wandering) and a komodo dragon.

Vanquished Creatures
  A hydra (Lair:4)
  3 two-headed ogres
  3 death yaks (Lair:4)
  A bog body (Lair:2)
  A wolf spider (Lair:3)
  5 elephants (Lair:2)
  Maurice (D:8)
  4 cane toads
  Maggie (D:8)
  7 komodo dragons
  A polar bear (Lair:3)
  A hornet (D:8)
  11 blink frogs
  A culicivora (Lair:3)
  A shadow (D:10)
  3 wraiths
  7 wyverns
  41 yaks
  4 basilisks
  A steam dragon (Lair:1)
  Grum (D:8)
  A vampire mosquito (D:10)
  2 redbacks (Lair:3)
  An acid dragon (D:11)
  6 water moccasins
  A swamp drake (D:10)
  2 ice beasts
  3 black bears
  4 orc warriors
  An ogre (D:5)
  2 wolves (D:8)
  4 centaurs
  2 phantoms
  3 kobold brigands
  12 bullfrogs
  A gnoll sergeant (D:7)
  4 scorpions
  5 wights (D:9)
  7 killer bees
  6 electric eels
  A howler monkey (D:4)
  2 hounds
  3 jellies
  12 orc priests
  2 sleepcaps
  Ijyb (D:3)
  3 iguanas
  13 orc wizards
  2 gnolls (D:7)
  6 adders
  A shadow imp (D:7)
  A white imp (D:6)
  A worm (D:2)
  3 dart slugs
  34 orcs
  8 ball pythons
  5 bats
  5 endoplasms
  3 giant cockroaches
  5 goblins
  2 hobgoblins (D:1)
  4 jackals (D:1)
  6 quokkas
  4 frilled lizards
  24 kobolds
  2 rats
319 creatures vanquished.

Vanquished Creatures (others)
  2 gnolls (D:7)
2 creatures vanquished.

Grand Total: 321 creatures vanquished

Notes
Turn   | Place    | Note
-------+----------+-------------------------------------------
     0 | D:1      | qw the Gargoyle Fighter began the quest for the Orb.
     0 | D:1      | Reached XP level 1. HP: 14/14 MP: 1/1
     0 | D:1      | 0 ||| qw: Version: 0.2-a-102-gdf20003
     0 | D:1      | 0 ||| qw: Game counter: 715
     0 | D:1      | 0 ||| qw: Always use a shield: true
     0 | D:1      | 0 ||| qw: God list: Okawaru
     0 | D:1      | 0 ||| qw: Allow faded altars: false
     0 | D:1      | 0 ||| qw: Do Orc after D:15 true
     0 | D:1      | 0 ||| qw: Do second Lair branch before Depths: true
     0 | D:1      | 0 ||| qw: Lair rune preference: random
     0 | D:1      | 0 ||| qw: Plans: Normal, Zot:1-4, Slime:5, God:TSO, Crypt,
                  | Tomb, Pan, Hells, Abyss, Win
     0 | D:1      | 0 ||| PLANNING D:1-11
    22 | D:1      | 22 ||| Stepping ~*~*~tactically~*~*~ (hiding).
    23 | D:1      | 23 ||| Stepping ~*~*~tactically~*~*~ (hiding).
    24 | D:1      | 24 ||| Stepping ~*~*~tactically~*~*~ (hiding).
    25 | D:1      | 25 ||| Stepping ~*~*~tactically~*~*~ (hiding).
    61 | D:1      | Reached skill level 2 in Axes
   102 | D:1      | Reached XP level 2. HP: 18/19 MP: 2/2
   113 | D:1      | 113 ||| DROPPING +0 whip.
   188 | D:1      | 188 ||| Stepping ~*~*~tactically~*~*~ (hiding).
   567 | D:1      | 567 ||| READING 3 scrolls labelled UQAER FYHAR.
   568 | D:1      | 568 ||| READING 2 scrolls labelled ECEOBE DEHU.
   571 | D:1      | 571 ||| READING scroll labelled ATHONANGOL.
   572 | D:1      | 572 ||| READING scroll labelled TAGGAZYMEE.
   573 | D:1      | 573 ||| READING 2 scrolls of identify.
   573 | D:1      | 573 ||| IDENTIFYING smoky brown potion
   574 | D:1      | 574 ||| DROPPING potion of invisibility.
   606 | D:2      | Reached skill level 3 in Axes
   626 | D:2      | 626 ||| Stepping ~*~*~tactically~*~*~ (stealth).
   628 | D:2      | Reached XP level 3. HP: 23/23 MP: 3/3
  1170 | D:2      | 1170 ||| READING scroll labelled GEZXE ICVURE.
  1200 | D:3      | Identified the +1 sling of Blood-Lust {freeze, rF+}
  1255 | D:3      | Found a shadowy altar of Dithmenos.
  1273 | D:3      | Reached XP level 4. HP: 25/28 MP: 4/4
  1298 | D:3      | Reached skill level 4 in Axes
  1368 | D:3      | 1368 ||| Stepping ~*~*~tactically~*~*~ (hiding).
  1371 | D:3      | 1371 ||| Stepping ~*~*~tactically~*~*~ (hiding).
  1387 | D:3      | Reached XP level 5. HP: 25/32 MP: 5/5
  1525 | D:3      | Noticed Ijyb
  1526 | D:3      | 1526 ||| Stepping ~*~*~tactically~*~*~ (hiding).
  1527 | D:3      | 1527 ||| Stepping ~*~*~tactically~*~*~ (hiding).
  1536 | D:3      | Killed Ijyb
  1890 | D:3      | 1890 ||| UPGRADING to +0 chain mail.
  1900 | D:3      | 1900 ||| DROPPING +0 scale mail.
  1901 | D:3      | 1901 ||| UPGRADING to +0 pair of gloves.
  1906 | D:3      | 1906 ||| READING 2 scrolls labelled TIHETRUSUM.
  1907 | D:3      | 1907 ||| READING scroll of enchant armour.
  1907 | D:3      | 1907 ||| ENCHANTING +0 pair of gloves.
  1908 | D:3      | 1908 ||| READING 2 scrolls of identify.
  1908 | D:3      | 1908 ||| IDENTIFYING sapphire potion
  1948 | D:4      | Reached skill level 5 in Axes
  1948 | D:4      | 1948 ||| FLEEEEING.
  1949 | D:4      | 1949 ||| STAIRDANCE
  1977 | D:4      | 1977 ||| STAIRDANCE
  2002 | D:4      | 2002 ||| STAIRDANCE
  2020 | D:4      | 2020 ||| Stepping ~*~*~tactically~*~*~ (stealth).
  2022 | D:4      | 2022 ||| Stepping ~*~*~tactically~*~*~ (stealth).
  2053 | D:4      | 2053 ||| Stepping ~*~*~tactically~*~*~ (stealth).
  2062 | D:4      | 2062 ||| Stepping ~*~*~tactically~*~*~ (stealth).
  2073 | D:4      | 2073 ||| Stepping ~*~*~tactically~*~*~ (stealth).
  2092 | D:4      | Reached XP level 6. HP: 38/38 MP: 6/6
  2092 | D:4      | 2092 ||| Stepping ~*~*~tactically~*~*~ (stealth).
  2152 | D:4      | 2152 ||| Stepping ~*~*~tactically~*~*~ (hiding).
  2173 | D:4      | 2173 ||| READING scroll of enchant weapon.
  2173 | D:4      | 2173 ||| ENCHANTING +1 war axe.
  2188 | D:4      | 2188 ||| Stepping ~*~*~tactically~*~*~ (stealth).
  2189 | D:4      | 2189 ||| Stepping ~*~*~tactically~*~*~ (stealth).
  2200 | D:4      | 2200 ||| Stepping ~*~*~tactically~*~*~ (stealth).
  2232 | D:4      | 2232 ||| Stepping ~*~*~tactically~*~*~ (stealth).
  2285 | D:4      | 2285 ||| Stepping ~*~*~tactically~*~*~ (stealth).
  2300 | D:4      | 2300 ||| Stepping ~*~*~tactically~*~*~ (stealth).
  2301 | D:4      | 2301 ||| Stepping ~*~*~tactically~*~*~ (stealth).
  2373 | D:4      | Reached skill level 6 in Axes
  2395 | D:4      | 2395 ||| Stepping ~*~*~tactically~*~*~ (stealth).
  2545 | D:4      | 2545 ||| READING scroll labelled EDGHOICR IRYI.
  2546 | D:4      | 2546 ||| READING scroll labelled KUSOAMM IPEC.
  2547 | D:4      | 2547 ||| READING scroll labelled UMIZOK AKAA.
  2548 | D:4      | 2548 ||| DRINKING 2 viscous brown potions.
  2548 | D:4      | Gained mutation: You are frail. (-10% HP) [potion of
                  | mutation]
  2549 | D:4      | 2549 ||| DRINKING potion of mutation.
  2549 | D:4      | Lost mutation: You are frail. (-10% HP) [potion of
                  | mutation]
  2549 | D:4      | Gained mutation: You are vulnerable to cold. (rC-) [potion
                  | of mutation]
  2549 | D:4      | Gained mutation: You are dopey. (Int -2) [potion of
                  | mutation]
  2549 | D:4      | Gained mutation: You have large cloven feet. [potion of
                  | mutation]
  2581 | D:5      | Entered Level 5 of the Dungeon
  2584 | D:5      | Noticed an ice beast
  2593 | D:5      | Killed an ice beast
  2594 | D:5      | Reached skill level 1 in Dodging
  2594 | D:5      | Reached XP level 7. HP: 43/43 MP: 7/7
  2936 | D:5      | Reached skill level 7 in Axes
  2993 | D:5      | 2993 ||| DROPPING +0 flail.
  3164 | D:5      | 3164 ||| Stepping ~*~*~tactically~*~*~ (hiding).
  3688 | D:5      | 3688 ||| READING scroll labelled HEMUSK FAPYAR.
  3689 | D:5      | 3689 ||| READING scroll labelled VUMECROSIL.
  3690 | D:5      | 3690 ||| READING scroll labelled SAGHAPN HONUOL.
  3691 | D:5      | 3691 ||| DRINKING 2 grey potions.
  3692 | D:5      | 3692 ||| READING 2 scrolls of identify.
  3692 | D:5      | 3692 ||| IDENTIFYING bubbling sapphire potion
  3693 | D:5      | 3693 ||| DROPPING potion of brilliance.
  3753 | D:6      | Reached XP level 8. HP: 49/49 MP: 8/8
  3820 | D:6      | Reached skill level 8 in Axes
  4077 | D:6      | Reached skill level 6 in Fighting
  4152 | D:6      | Identified the +4 dagger of Vutein {vamp, rN+}
  4243 | D:6      | 4243 ||| Stepping ~*~*~tactically~*~*~ (hiding).
  4244 | D:6      | 4244 ||| Stepping ~*~*~tactically~*~*~ (hiding).
  4245 | D:6      | 4245 ||| Stepping ~*~*~tactically~*~*~ (hiding).
  4263 | D:6      | 4263 ||| Stepping ~*~*~tactically~*~*~ (hiding).
  4264 | D:6      | 4264 ||| Stepping ~*~*~tactically~*~*~ (hiding).
  4265 | D:6      | 4265 ||| Stepping ~*~*~tactically~*~*~ (hiding).
  4486 | D:6      | 4486 ||| UPGRADING to amulet of reflection.
  4491 | D:6      | 4491 ||| UPGRADING to +5 ring of evasion.
  4492 | D:6      | 4492 ||| DRINKING 2 ruby potions.
  4539 | D:6      | 4539 ||| READING 2 scrolls of identify.
  4539 | D:6      | 4539 ||| IDENTIFYING fuming coppery potion
  4540 | D:6      | 4540 ||| DROPPING potion of degeneration.
  4589 | D:7      | 4589 ||| Stepping ~*~*~tactically~*~*~ (hiding).
  4620 | D:7      | 4620 ||| Stepping ~*~*~tactically~*~*~ (stealth).
  4649 | D:7      | 4649 ||| Stepping ~*~*~tactically~*~*~ (stealth).
  4653 | D:7      | 4653 ||| DRINKING 2 potions of curing.
  4653 | D:7      | 4653 ||| (to cure confusion)
  4660 | D:7      | 4660 ||| DRINKING potion of curing.
  4660 | D:7      | 4660 ||| (to cure confusion)
  4700 | D:7      | Reached skill level 9 in Axes
  4845 | D:7      | Found a staircase to the Ecumenical Temple.
  4846 | D:7      | 4846 ||| PLANNING TEMPLE
  4850 | Temple   | Entered the Ecumenical Temple
  4869 | Temple   | 4869 ||| PLANNING OKAWARU WORSHIP
  4957 | Temple   | Became a worshipper of Warmaster Okawaru
  4957 | Temple   | 4957 ||| PLANNING D:1-11
  4987 | D:7      | Reached XP level 9. HP: 55/55 MP: 9/9
  5012 | D:7      | Found Dilut's Book Boutique.
  5013 | D:7      | Found Fismin's Distillery.
  5015 | D:7      | 5015 ||| Stepping ~*~*~tactically~*~*~ (hiding).
  5019 | D:7      | Found Xixipera's General Store.
  5023 | D:7      | Found Ohouc's Magic Scroll Shop.
  5023 | D:7      | Found Ygauwin's Magic Scroll Boutique.
  5023 | D:7      | Found Efuqegusey's Antique Weapon Boutique.
  5043 | D:7      | 5043 ||| FLEEEEING.
  5044 | D:7      | 5044 ||| FLEEEEING.
  5045 | D:7      | 5045 ||| FLEEEEING.
  5046 | D:7      | 5046 ||| FLEEEEING.
  5048 | D:7      | 5048 ||| FLEEEEING.
  5049 | D:7      | 5049 ||| FLEEEEING.
  5054 | D:7      | 5054 ||| FLEEEEING.
  5055 | D:7      | 5055 ||| FLEEEEING.
  5056 | D:7      | 5056 ||| FLEEEEING.
  5061 | D:7      | 5061 ||| FLEEEEING.
  5062 | D:7      | 5062 ||| FLEEEEING.
  5063 | D:7      | 5063 ||| FLEEEEING.
  5088 | D:7      | Reached * piety under Okawaru
  5089 | D:7      | 5089 ||| INVOKING Heroism.
  5106 | D:7      | 5106 ||| INVOKING Heroism.
  5243 | D:7      | 5243 ||| BUYING potion of attraction (39 gold).
  5243 | D:7      | Bought a potion of attraction for 39 gold pieces
  5243 | D:7      | 5243 ||| BUYING potion of attraction (39 gold).
  5243 | D:7      | Bought a potion of attraction for 39 gold pieces
  5243 | D:7      | 5243 ||| BUYING potion of cancellation (104 gold).
  5243 | D:7      | Bought a potion of cancellation for 104 gold pieces
  5243 | D:7      | 5243 ||| BUYING potion of lignification (39 gold).
  5243 | D:7      | Bought a potion of lignification for 39 gold pieces
  5255 | D:7      | Reached skill level 1 in Throwing
  5259 | D:7      | 5259 ||| SHOPLISTING jewelled morningstar (234 gold, have
                  | 209).
  5477 | D:7      | Found a hide-covered altar of Uskayaw.
  5481 | D:7      | Found a shimmering altar of Xom.
  5484 | D:7      | Found a stormy altar of Qazlal.
  5580 | D:7      | 5580 ||| Stepping ~*~*~tactically~*~*~ (hiding).
  5582 | D:7      | 5582 ||| Stepping ~*~*~tactically~*~*~ (hiding).
  5728 | D:7      | Reached skill level 1 in Invocations
  5755 | D:7      | Found a broken altar of Ashenzari.
  6053 | D:7      | 6053 ||| READING 2 scrolls of identify.
  6053 | D:7      | 6053 ||| IDENTIFYING sedimented coppery potion
  6099 | D:8      | Noticed Maggie
  6111 | D:8      | Killed Maggie
  6465 | D:8      | 6465 ||| INVOKING Heroism.
  6467 | D:8      | Noticed Grum
  6479 | D:8      | Reached skill level 3 in Invocations
  6479 | D:8      | 6479 ||| INVOKING Heroism.
  6489 | D:8      | Killed Grum
  6593 | D:8      | 6593 ||| DROPPING +2 morningstar of protection.
  6609 | D:8      | 6609 ||| INVOKING Heroism.
  6613 | D:8      | Reached skill level 10 in Axes
  6620 | D:8      | Reached XP level 10. HP: 38/63 MP: 10/13
  6735 | D:8      | 6735 ||| Stepping ~*~*~tactically~*~*~ (hiding).
  6765 | D:8      | Noticed a two-headed ogre
  6766 | D:8      | 6766 ||| INVOKING Heroism.
  6781 | D:8      | Killed a two-headed ogre
  6781 | D:8      | Reached ** piety under Okawaru
  6822 | D:8      | Noticed Maurice
  6823 | D:8      | 6823 ||| Stepping ~*~*~tactically~*~*~ (stealth).
  6829 | D:8      | 6829 ||| Stepping ~*~*~tactically~*~*~ (stealth).
  6946 | D:8      | 6946 ||| Stepping ~*~*~tactically~*~*~ (stealth).
  6947 | D:8      | 6947 ||| Stepping ~*~*~tactically~*~*~ (stealth).
  6949 | D:8      | 6949 ||| Stepping ~*~*~tactically~*~*~ (hiding).
  7038 | D:8      | Killed Maurice
  7079 | D:8      | 7079 ||| Stepping ~*~*~tactically~*~*~ (stealth).
  7309 | D:8      | 7309 ||| UPGRADING to +0 cloak.
  7314 | D:8      | 7314 ||| READING scroll labelled JUXAENAYTAO.
  7379 | D:9      | Found Vuoty's General Store.
  7385 | D:9      | 7385 ||| INVOKING Heroism.
  7400 | D:9      | Reached skill level 11 in Axes
  7451 | D:9      | Reached skill level 6 in Armour
  7474 | D:9      | 7474 ||| SHOPLISTING amulet of faith (640 gold, have 277).
  7474 | D:9      | 7474 ||| BUYING potion of curing (48 gold).
  7474 | D:9      | Bought a potion of curing for 48 gold pieces
  7474 | D:9      | 7474 ||| BUYING potion of heal wounds (80 gold).
  7474 | D:9      | Bought a potion of heal wounds for 80 gold pieces
  7474 | D:9      | 7474 ||| SHOPLISTING ring of willpower (400 gold, have
                  | 149).
  7526 | D:9      | 7526 ||| INVOKING Heroism.
  7528 | D:9      | Noticed a two-headed ogre
  7541 | D:9      | Killed a two-headed ogre
  7541 | D:9      | Reached *** piety under Okawaru
  7541 | D:9      | Received a gift from Okawaru
  7542 | D:9      | Reached skill level 9 in Fighting
  7542 | D:9      | Reached XP level 11. HP: 47/71 MP: 12/14
  7692 | D:9      | 7692 ||| INVOKING Heroism.
  7877 | D:9      | 7877 ||| INVOKING Heroism.
  7987 | D:9      | Identified the +1 cloak "Woff" {+Inv rElec rCorr Int-5}
  8005 | D:9      | 8005 ||| INVOKING Heroism.
  8038 | D:9      | Found a hazy altar of Hepliaklqana.
  8039 | D:9      | Found a blossoming altar of Fedhas.
  8052 | D:9      | 8052 ||| INVOKING Heroism.
  8214 | D:9      | 8214 ||| UPGRADING to +0 plate armour.
  8224 | D:9      | 8224 ||| DROPPING +0 chain mail.
  8225 | D:9      | 8225 ||| READING scroll labelled IJIUN KEERE.
  8226 | D:9      | 8226 ||| DRINKING 2 yellow potions.
  8234 | D:10     | Entered Level 10 of the Dungeon
  8318 | D:10     | 8318 ||| INVOKING Heroism.
  8343 | D:10     | Found a runed translucent door.
  8345 | D:10     | Found a shimmering altar of Xom.
  8345 | D:10     | Noticed qw's ghost (journeyman GrFi)
  8346 | D:10     | Noticed a +0 flail of chaos
  8356 | D:10     | Found a staircase to the Orcish Mines.
  8362 | D:10     | Noticed a two-headed ogre
  8363 | D:10     | 8363 ||| INVOKING Heroism.
  8370 | D:10     | Killed a two-headed ogre
  8401 | D:10     | Found Xidiw's Distillery.
  8454 | D:10     | 8454 ||| INVOKING Heroism.
  8462 | D:10     | Reached skill level 3 in Throwing
  8516 | D:10     | 8516 ||| INVOKING Heroism.
  8597 | D:10     | 8597 ||| INVOKING Heroism.
  8676 | D:10     | Found a staircase to the Lair.
  8851 | D:10     | Found a runed translucent door.
  8932 | D:10     | 8932 ||| Stepping ~*~*~tactically~*~*~ (hiding).
  8937 | D:10     | 8937 ||| Stepping ~*~*~tactically~*~*~ (hiding).
  8938 | D:10     | 8938 ||| Stepping ~*~*~tactically~*~*~ (hiding).
  8939 | D:10     | 8939 ||| Stepping ~*~*~tactically~*~*~ (hiding).
  8961 | D:10     | Found a runed translucent door.
  8963 | D:10     | Noticed a two-headed ogre
  8966 | D:10     | 8966 ||| Stepping ~*~*~tactically~*~*~ (stealth).
  8968 | D:10     | 8968 ||| Stepping ~*~*~tactically~*~*~ (hiding).
  8970 | D:10     | 8970 ||| Stepping ~*~*~tactically~*~*~ (hiding).
  8971 | D:10     | 8971 ||| Stepping ~*~*~tactically~*~*~ (hiding).
  9101 | D:10     | You fall into a shaft and drop 2 floors!
  9116 | D:11     | Noticed a skeletal warrior
  9116 | D:11     | Noticed a skeletal warrior
  9117 | D:11     | 9117 ||| INVOKING Heroism.
  9118 | D:11     | Noticed a skeletal warrior
  9133 | D:11     | 9133 ||| INVOKING Heroism.
  9137 | D:11     | HP: 6/71 [skeletal warrior/+0 battleaxe (14)]
  9137 | D:11     | HP: 2/71 [skeletal warrior/+3 scimitar (4)]
  9138 | D:11     | 9138 ||| READING 8 scrolls of teleportation.
  9139 | D:11     | 9139 ||| DRINKING 2 potions of heal wounds.
  9143 | D:11     | HP: 15/71 [skeletal warrior/+0 hand axe (6)]
  9144 | D:11     | 9144 ||| DRINKING potion of heal wounds.
  9144 | D:11     | Found a sacrificial altar of Ru.
  9225 | D:11     | 9225 ||| Stepping ~*~*~tactically~*~*~ (stealth).
  9250 | D:11     | 9250 ||| Stepping ~*~*~tactically~*~*~ (hiding).
  9310 | D:10     | 9310 ||| BUYING potion of curing (30 gold).
  9310 | D:10     | Bought a potion of curing for 30 gold pieces
  9310 | D:10     | 9310 ||| BUYING potion of curing (30 gold).
  9310 | D:10     | Bought a potion of curing for 30 gold pieces
  9310 | D:10     | 9310 ||| BUYING potion of curing (30 gold).
  9310 | D:10     | Bought a potion of curing for 30 gold pieces
  9310 | D:10     | 9310 ||| BUYING potion of heal wounds (50 gold).
  9310 | D:10     | Bought a potion of heal wounds for 50 gold pieces
  9310 | D:10     | 9310 ||| BUYING potion of might (40 gold).
  9310 | D:10     | Bought a potion of might for 40 gold pieces
  9310 | D:10     | 9310 ||| BUYING potion of might (40 gold).
  9310 | D:10     | Bought a potion of might for 40 gold pieces
  9310 | D:10     | 9310 ||| SHOPLISTING potion of mutation (80 gold, have 57).
  9310 | D:10     | 9310 ||| Stepping randomly (stuck).
  9311 | D:10     | 9311 ||| Stepping randomly (stuck).
  9312 | D:10     | 9312 ||| Stepping randomly (stuck).
  9313 | D:10     | 9313 ||| Stepping randomly (stuck).
  9314 | D:10     | 9314 ||| Stepping randomly (stuck).
  9315 | D:10     | 9315 ||| Stepping randomly (stuck).
  9316 | D:10     | 9316 ||| Stepping randomly (stuck).
  9317 | D:10     | 9317 ||| Stepping randomly (stuck).
  9318 | D:10     | 9318 ||| Stepping randomly (stuck).
  9319 | D:10     | 9319 ||| Stepping randomly (stuck).
  9320 | D:10     | 9320 ||| Stepping randomly (stuck).
  9321 | D:10     | 9321 ||| Stepping randomly (stuck).
  9322 | D:10     | 9322 ||| Stepping randomly (stuck).
  9323 | D:10     | 9323 ||| Stepping randomly (stuck).
  9324 | D:10     | 9324 ||| Stepping randomly (stuck).
  9325 | D:10     | 9325 ||| Stepping randomly (stuck).
  9326 | D:10     | 9326 ||| Stepping randomly (stuck).
  9327 | D:10     | 9327 ||| Stepping randomly (stuck).
  9328 | D:10     | 9328 ||| Stepping randomly (stuck).
  9329 | D:10     | 9329 ||| Stepping randomly (stuck).
  9330 | D:10     | 9330 ||| Stepping randomly (stuck).
  9331 | D:10     | 9331 ||| Stepping randomly (stuck).
  9332 | D:10     | 9332 ||| Stepping randomly (stuck).
  9333 | D:10     | 9333 ||| Stepping randomly (stuck).
  9334 | D:10     | 9334 ||| Stepping randomly (stuck).
  9335 | D:10     | 9335 ||| Stepping randomly (stuck).
  9336 | D:10     | 9336 ||| Stepping randomly (stuck).
  9337 | D:10     | 9337 ||| Stepping randomly (stuck).
  9338 | D:10     | 9338 ||| Stepping randomly (stuck).
  9339 | D:10     | 9339 ||| Stepping randomly (stuck).
  9340 | D:10     | 9340 ||| Stepping randomly (stuck).
  9341 | D:10     | 9341 ||| Stepping randomly (stuck).
  9342 | D:10     | 9342 ||| Stepping randomly (stuck).
  9343 | D:10     | 9343 ||| Stepping randomly (stuck).
  9344 | D:10     | 9344 ||| Stepping randomly (stuck).
  9345 | D:10     | 9345 ||| Stepping randomly (stuck).
  9346 | D:10     | 9346 ||| Stepping randomly (stuck).
  9347 | D:10     | 9347 ||| Stepping randomly (stuck).
  9348 | D:10     | 9348 ||| Stepping randomly (stuck).
  9349 | D:10     | 9349 ||| Stepping randomly (stuck).
  9350 | D:10     | 9350 ||| Stepping randomly (stuck).
  9351 | D:10     | 9351 ||| Stepping randomly (stuck).
  9352 | D:10     | 9352 ||| Stepping randomly (stuck).
  9353 | D:10     | 9353 ||| Stepping randomly (stuck).
  9354 | D:10     | 9354 ||| Stepping randomly (stuck).
  9355 | D:10     | 9355 ||| Stepping randomly (stuck).
  9356 | D:10     | 9356 ||| Stepping randomly (stuck).
  9357 | D:10     | 9357 ||| Stepping randomly (stuck).
  9358 | D:10     | 9358 ||| Stepping randomly (stuck).
  9359 | D:10     | 9359 ||| Stepping randomly (stuck).
  9360 | D:10     | 9360 ||| Stepping randomly (stuck).
  9361 | D:10     | 9361 ||| READING 7 scrolls of teleportation.
  9390 | D:10     | 9390 ||| PLANNING LAIR
  9444 | D:10     | 9444 ||| INVOKING Heroism.
  9635 | Lair:1   | Entered Level 1 of the Lair of Beasts
  9663 | Lair:1   | 9663 ||| STAIRDANCE
  9666 | D:10     | Reached skill level 12 in Axes
  9886 | Lair:1   | 9886 ||| INVOKING Heroism.
  9889 | Lair:1   | Received a gift from Okawaru
  9890 | Lair:1   | Reached skill level 6 in Shields
  9969 | Lair:1   | 9969 ||| INVOKING Heroism.
  9986 | Lair:1   | 9986 ||| Stepping ~*~*~tactically~*~*~ (cloud).
 10084 | Lair:1   | 10084 ||| Stepping ~*~*~tactically~*~*~ (stealth).
 10109 | Lair:1   | 10109 ||| INVOKING Heroism.
 10117 | Lair:1   | Reached skill level 9 in Armour
 10122 | Lair:1   | Reached XP level 12. HP: 77/77 MP: 13/15
 10161 | Lair:1   | 10161 ||| INVOKING Heroism.
 10191 | Lair:1   | 10191 ||| INVOKING Heroism.
 10298 | Lair:1   | 10298 ||| Stepping ~*~*~tactically~*~*~ (stealth).
 10382 | Lair:1   | Found a transporter.
 10394 | Lair:1   | Noticed a boulder beetle
 10395 | Lair:1   | Found a transporter.
 10395 | Lair:1   | Noticed a boulder beetle
 10622 | Lair:1   | 10622 ||| UPGRADING to +0 pair of boots.
 10627 | Lair:1   | 10627 ||| UPGRADING to ring of protection from cold.
 10628 | Lair:1   | 10628 ||| DROPPING +6 ring of intelligence.
 10690 | Lair:2   | 10690 ||| Stepping ~*~*~tactically~*~*~ (hiding).
 10691 | Lair:2   | 10691 ||| Stepping ~*~*~tactically~*~*~ (hiding).
 10692 | Lair:2   | 10692 ||| Stepping ~*~*~tactically~*~*~ (hiding).
 10693 | Lair:2   | 10693 ||| INVOKING Heroism.
 10717 | Lair:2   | Reached **** piety under Okawaru
 10718 | Lair:2   | Reached skill level 13 in Axes
 10721 | Lair:2   | HP: 18/77 [yak (6)]
 10722 | Lair:2   | 10722 ||| READING 7 scrolls of teleportation.
 10723 | Lair:2   | 10723 ||| DRINKING 3 potions of heal wounds.
 10724 | Lair:2   | 10724 ||| INVOKING Heroism.
 10726 | Lair:2   | HP: 19/77 [yak (11)]
 10727 | Lair:2   | 10727 ||| DRINKING 2 potions of heal wounds.
 10859 | Lair:2   | 10859 ||| INVOKING Heroism.
 10900 | Lair:2   | Found a staircase to the Swamp.
 11187 | Lair:2   | 11187 ||| READING scroll of enchant armour.
 11187 | Lair:2   | 11187 ||| ENCHANTING +1 pair of gloves.
 11238 | Lair:2   | 11238 ||| Stepping ~*~*~tactically~*~*~ (stealth).
 11239 | Lair:2   | 11239 ||| Stepping ~*~*~tactically~*~*~ (stealth).
 11240 | Lair:2   | 11240 ||| Stepping ~*~*~tactically~*~*~ (stealth).
 11241 | Lair:2   | 11241 ||| Stepping ~*~*~tactically~*~*~ (stealth).
 11288 | Lair:2   | Reached skill level 6 in Invocations
 11554 | Lair:2   | 11554 ||| READING 2 scrolls labelled EROMIE HIORO.
 11555 | Lair:2   | 11555 ||| DROPPING scroll of fog.
 11596 | Lair:3   | 11596 ||| INVOKING Heroism.
 11600 | Lair:3   | 11600 ||| Stepping ~*~*~tactically~*~*~ (hiding).
 11603 | Lair:3   | 11603 ||| Stepping ~*~*~tactically~*~*~ (hiding).
 11604 | Lair:3   | 11604 ||| Stepping ~*~*~tactically~*~*~ (hiding).
 11645 | Lair:3   | 11645 ||| INVOKING Heroism.
 11691 | Lair:3   | 11691 ||| READING scroll of enchant weapon.
 11691 | Lair:3   | 11691 ||| ENCHANTING +2 war axe.
 11789 | Lair:3   | 11789 ||| INVOKING Heroism.
 11790 | Lair:3   | Found a hole to the Spider Nest.
 12010 | Lair:3   | 12010 ||| Stepping ~*~*~tactically~*~*~ (stealth).
 12023 | Lair:3   | 12023 ||| INVOKING Heroism.
 12232 | Lair:3   | 12232 ||| INVOKING Heroism.
 12235 | Lair:3   | Reached XP level 13. HP: 58/82 MP: 15/18
 12371 | Lair:3   | Noticed qw's ghost (journeyman GrFi)
 12380 | Lair:3   | 12380 ||| INVOKING Heroism.
 12562 | Lair:3   | Found a runed translucent door.
 12638 | Lair:3   | 12638 ||| INVOKING Heroism.
 12639 | Lair:3   | 12639 ||| Stepping ~*~*~tactically~*~*~ (stealth).
 12841 | Lair:3   | 12841 ||| INVOKING Heroism.
 13077 | Lair:3   | 13077 ||| UPGRADING to scarf of resistance.
 13087 | Lair:3   | 13087 ||| DROPPING +0 cloak.
 13088 | Lair:3   | 13088 ||| UPGRADING to +6 ring of dexterity.
 13131 | Lair:4   | 13131 ||| INVOKING Heroism.
 13132 | Lair:4   | 13132 ||| Stepping ~*~*~tactically~*~*~ (stealth).
 13133 | Lair:4   | 13133 ||| Stepping ~*~*~tactically~*~*~ (stealth).
 13136 | Lair:4   | 13136 ||| SWAPPING to +2 hand axe of flaming.
 13141 | Lair:4   | Reached skill level 3 in Dodging
 13141 | Lair:4   | 13141 ||| SWAPPING to +3 war axe.
 13163 | Lair:4   | Reached skill level 14 in Axes
 13163 | Lair:4   | HP: 6/82 [death yak (17)]
 13164 | Lair:4   | 13164 ||| READING 7 scrolls of teleportation.
 13165 | Lair:4   | 13165 ||| DRINKING potion of heal wounds.
 13167 | Lair:4   | 13167 ||| INVOKING Heroism.
 13172 | Lair:4   | 13172 ||| READING 6 scrolls of teleportation.
 13174 | Lair:4   | HP: 12/82 [death yak (7)]
 13179 | Lair:4   | 13179 ||| READING 5 scrolls of teleportation.
 13181 | Lair:4   | Slain by a death yak

Levels and vault maps discovered:
D:1:      tarquinn_simple_flora_water_e, layout_rooms
D:2:      layout_rooms
D:3:      layout_basic, mainiacjoe_overflow_alcove_1, uniq_ijyb
D:4:      layout_cave_pools
D:5:      layout_basic
D:6:      layout_cave_pools
D:7:      layout_loops_corners, grunt_temple_overflow_diamond,
          kennysheep_little_box, temple_doors_e,
          nicolae_shop_national_dungeon_mall, serial_bayou_pond_d
D:8:      layout_basic, nicolae_wwwww, uniq_grum, uniq_maurice, uniq_maggie
D:9:      layout_big_octagon, nicolae_overflow_squiral, serial_shops, shop,
          serial_park, serial_park_square3 [serial_park_minivault_5x5_5],
          serial_park_tiny_2, serial_park_tiny_2
D:10:     cheibrodos_histonic, layout_irregular_city, erik_lair_dragon,
          orc_0_dummy, serial_shops, nicolae_take_the_stairs, ebering_ghost_xom,
          st_stairs_8, minmay_starry_boxes
D:11:     layout_basic, nicolae_ru_great_annihilating_truth
D:12:     layout_long_grid
Temple:   regret_index_temple_waves
Lair:1:   gammafunk_boulding_lane, layout_regular_city,
          infiniplex_staircase_pool_2, grunt_megastairs_1
Lair:2:   layout_hall_layers, skrybe_swamp_entry_bodies,
          chequers_serial_rivers_large_b, minmay_holes, grunt_megastairs_5,
          lemuel_fruit_tree, infiniplex_staircase_pool, serial_bayou_shore_b
Lair:3:   layout_long_grid, spider_nest_entry_funnel_web,
          hellmonk_ghost_happy_afterlife, patterned_corridor
Lair:4:   layout_misc_corridors, dpeg_slime_entry_enclosed

Skill      XL: |  1  2  3  4  5  6  7  8  9 10 11 12 13 |
---------------+----------------------------------------+-----
Axes           | 2 3 4 5 6 7 9 10 11 12 13 14 | 14.0
Fighting       | 4 5 6 7 9 10 | 10.1
Dodging        | 1 2 3 |  3.0
Armour         | 4 6 9 10 | 10.0
Shields        | 4 5 6 |  6.5
Throwing       | 1 4 |  4.0
Invocations    | 4 7 8 |  8.3

Action                     |  1- 3 |  4- 6 |  7- 9 | 10-12 | 13-15 || total
---------------------------+-------+-------+-------+-------+-------++-------
  Melee: War axe           |    98 |   108 |   260 |   548 |    76 ||  1090
         Kick              |       |     1 |    55 |   104 |       ||   160
         Hand axe          |       |       |       |       |     4 ||     4
  Throw: Boomerang         |       |    20 |    15 |    71 |     4 ||   110
         Javelin           |       |       |       |    29 |    10 ||    39
 Invoke: Heroism           |       |       |     5 |    28 |     5 ||    38
    Use: Scroll            |     6 |     7 |     6 |     8 |     3 ||    30
         Potion            |       |     2 |     4 |     5 |     1 ||    12
 Armour: Scale mail        |    41 |    15 |       |       |       ||    56
         Chain mail        |       |    30 |   137 |    45 |       ||   212
         Plate armour      |       |       |       |   182 |    26 ||   208
  Dodge: Dodged            |    27 |    51 |   115 |   245 |    46 ||   484
  Block: Buckler           |    12 |    28 |    89 |   251 |    42 ||   422
         Reflection        |       |       |       |     7 |       ||     7

Table legend:
 A = Non-vault XP
 B = Vault XP
 C = Vault XP percentage of total XP
 D = Non-vault monster count
 E = Vault monster count
 F = Vault count percentage of total count
                 A         B        C        D         E       F
            +---------+---------+-------+---------+---------+-------
      Total |   28272 |   10236 |  26.6 |     275 |      45 |  14.1
            +---------+---------+-------+---------+---------+-------
        D:1 |      29 |       0 |   0.0 |      17 |       0 |   0.0
        D:2 |      27 |       0 |   0.0 |      14 |       0 |   0.0
        D:3 |     125 |      36 |  22.4 |      24 |       1 |   4.0
        D:4 |     340 |       0 |   0.0 |      16 |       0 |   0.0
        D:5 |     489 |       0 |   0.0 |      10 |       0 |   0.0
        D:6 |     986 |       0 |   0.0 |      20 |       0 |   0.0
        D:7 |    1453 |       0 |   0.0 |      39 |       0 |   0.0
        D:8 |    2252 |    1207 |  34.9 |      21 |       5 |  19.2
        D:9 |    2859 |     321 |  10.1 |      21 |       3 |  12.5
       D:10 |    2541 |    2597 |  50.5 |      26 |      13 |  33.3
       D:11 |     153 |      42 |  21.5 |       1 |       4 |  80.0
     Lair:1 |    5556 |     428 |   7.2 |      26 |       3 |  10.3
     Lair:2 |    2430 |    4501 |  64.9 |      13 |      12 |  48.0
     Lair:3 |    4600 |    1104 |  19.4 |      17 |       4 |  19.0
     Lair:4 |    4432 |       0 |   0.0 |      10 |       0 |   0.0
            +---------+---------+-------+---------+---------+-------
